AoeStats
← mhmo

Black Forest

507481579Analyzed
4v4 RM · 14d ago on Sep 18, 2026· 65m 20s· 8 players
Game mode
Random Map
Map size
Large (8 player)
Population
200
Speed
Normal
Resources
Standard
Victory
Conquest
Starting age
Dark Age
Ending age
Imperial Age
RankedLock teamsTeams togetherTeam positionsShared explorationLock speedFull tech treeHidden civsTurbo modeCheats
Victory
Defeat
🇨🇳 Khmer · China
973
+14
🇹🇼 Slavs · Taiwan
927
+16
🇹🇼 Turks · Taiwan
902
+17
🇿🇦 Ethiopians · South Africa
884
+18
🇫🇮 Khmer · Finland
999
-18
🇩🇪 Khmer · Germany
929
-16
🇦🇷 Goths · Argentina
917
-16
🇫🇮 Franks · Finland
895
-15
hank.su.yen.hao
3:01 Loom
14:00 Feudal Age
17:45 Castle Age
16:13 Gold Mining
16:47 Double-Bit Axe
17:35 Stone Mining
17:51 Horse Collar
19:44 Bow Saw
21:05 Heavy Plow
24:17 Wheelbarrow
27:11 Gold Shaft Mining
27:50 Town Watch
29:13 Hand Cart
29:38 Sanctity
33:24 Imperial Age
30:57 Fletching
32:29 Forging
32:15 Bodkin Arrow
31:42 Man-at-Arms
32:23 Squires
32:33 Caravan
34:09 Masonry
34:49 Bombard Tower
35:07 Iron Casting
34:56 Bracer
35:02 Scale Barding Armor
35:21 Conscription
35:45 Bloodlines
35:36 Husbandry
37:21 Blast Furnace
36:22 Scale Mail Armor
35:43 Long Swordsman
37:41 Fortified Wall
38:02 Architecture
37:39 Artillery
38:06 Two-Handed Swordsman
40:11 Chain Mail Armor
39:18 Champion
39:51 Capped Ram
42:03 Ballistics
52:59 Siege Ram
55:12 Elite Janissary
56:41 Chain Barding Armor
天線迪西
0:32 Loom
14:51 Feudal Age
15:57 Horse Collar
16:05 Double-Bit Axe
18:42 Castle Age
20:19 Bow Saw
21:16 Heavy Plow
22:36 Wheelbarrow
21:46 Town Watch
24:56 Gold Mining
27:39 Squires
26:59 Pikeman
27:33 Stone Mining
29:05 Hand Cart
29:33 Caravan
33:32 Imperial Age
31:41 Fortified Wall
31:51 Ballistics
32:58 Gold Shaft Mining
32:28 Town Patrol
33:42 Scale Barding Armor
33:28 Fletching
33:49 Forging
33:40 Padded Archer Armor
33:41 Scale Mail Armor
34:10 Detinets
33:37 Onager
36:03 Conscription
35:04 Elite Boyar
35:47 Druzhina
38:09 Crop Rotation
38:42 Two-Man Saw
38:14 Siege Onager
38:28 Halberdier
39:32 Chain Barding Armor
39:47 Iron Casting
39:28 Chain Mail Armor
39:13 Bodkin Arrow
42:00 Siege Engineers
41:50 Murder Holes
42:57 Chemistry
42:08 Masonry
42:58 Husbandry
43:08 Bloodlines
51:35 Blast Furnace
51:10 Plate Barding Armor
51:23 Plate Barding Armor
52:35 Guard Tower
54:32 Plate Mail Armor
57:54 Hoardings
of the dark
0:37 Loom
14:12 Feudal Age
14:48 Stone Mining
14:45 Double-Bit Axe
16:05 Horse Collar
23:16 Castle Age
24:02 Gold Mining
31:20 Imperial Age
30:50 Squires
31:32 Forging
31:22 Scale Mail Armor
33:23 Chemistry
32:48 Halberdier
37:17 Iron Casting
36:42 Scale Mail Armor
37:27 Wheelbarrow
36:38 Town Watch
40:10 Conscription
40:41 Ballistics
41:24 Blast Furnace
40:39 Chain Mail Armor
45:09 Chain Mail Armor
54:13 Fletching
知行
11:37 Feudal Age
16:11 Castle Age
14:59 Horse Collar
15:26 Double-Bit Axe
21:32 Loom
23:46 Wheelbarrow
23:35 Bow Saw
24:37 Heavy Plow
30:28 Imperial Age
28:51 Ballistics
30:36 Forging
30:32 Scale Barding Armor
31:10 Scale Mail Armor
31:19 Double Crossbow
31:40 Conscription
32:32 Chemistry
31:29 Murder Holes
32:16 Iron Casting
32:46 Chain Mail Armor
31:58 Heavy Scorpion
32:07 Pikeman
32:33 Arson
34:52 Blast Furnace
33:51 Halberdier
34:20 Onager
35:34 Caravan
35:41 Scale Barding Armor
37:20 Siege Engineers
38:21 Hand Cart
38:19 Capped Ram
40:21 Chain Barding Armor
43:57 Siege Ram
52:01 Plate Barding Armor
xZeyyy
8:57 Loom
11:26 Feudal Age
11:51 Double-Bit Axe
17:41 Castle Age
15:46 Horse Collar
17:36 Wheelbarrow
19:28 Bow Saw
26:44 Hand Cart
28:45 Gold Mining
28:46 Stone Mining
29:11 Caravan
33:17 Imperial Age
32:17 Heavy Plow
33:34 Forging
33:30 Scale Barding Armor
34:03 Double Crossbow
34:09 Heavy Scorpion
34:15 Elite Battle Elephant
34:56 Husbandry
35:07 Bloodlines
36:44 Chemistry
36:32 Iron Casting
38:52 Conscription
40:37 Tusk Swords
41:30 Siege Engineers
41:48 Ballistics
51:49 Light Cavalry
52:47 Hussar
57:15 Blast Furnace
56:36 Chain Barding Armor
averagewade
7:40 Loom
10:17 Feudal Age
11:19 Double-Bit Axe
16:54 Castle Age
15:52 Stone Mining
16:48 Horse Collar
20:24 Wheelbarrow
29:33 Imperial Age
27:29 Ballistics
27:18 Gold Mining
28:17 Scale Barding Armor
28:14 Husbandry
29:04 Hand Cart
30:36 Bloodlines
31:29 Chemistry
30:46 Bow Saw
30:38 Heavy Plow
31:05 Chain Barding Armor
31:20 Elite Ballista Elephant
32:49 Double Crossbow
33:42 Siege Engineers
33:51 Light Cavalry
34:46 Hussar
35:45 Forging
36:11 Plate Barding Armor
35:57 Town Watch
36:53 Conscription
42:13 Iron Casting
46:43 Caravan
46:41 Onager
62:43 Blast Furnace
61:35 Fletching
62:33 Heavy Scorpion
63:29 Heavy Scorpion
mhmo
5:19 Loom
12:09 Feudal Age
22:47 Castle Age
29:43 Forging
34:32 Husbandry
37:47 Caravan
38:17 Scale Mail Armor
38:53 Iron Casting
43:56 Imperial Age
43:11 Double-Bit Axe
43:20 Gold Mining
43:24 Stone Mining
43:57 Cavalier
45:26 Wheelbarrow
45:59 Blast Furnace
45:16 Chain Mail Armor
45:28 Paladin
Dank
0:28 Loom
14:27 Feudal Age
19:20 Castle Age
19:06 Wheelbarrow
18:30 Double-Bit Axe
25:30 Anarchy
28:18 Bow Saw
29:47 Hand Cart
31:18 Horse Collar
34:39 Imperial Age
33:16 Squires
33:26 Scale Mail Armor
33:37 Forging
33:47 Pikeman
35:38 Iron Casting
35:19 Chain Mail Armor
36:26 Perfusion
38:44 Two-Man Saw
38:00 Fletching
38:10 Gold Mining
39:29 Blast Furnace
39:02 Caravan
38:59 Halberdier
39:24 Man-at-Arms
40:02 Long Swordsman
40:51 Town Watch
40:33 Two-Handed Swordsman
41:39 Champion
51:27 Elite Huskarl
55:07 Bodkin Arrow
55:13 Padded Archer Armor
57:30 Heavy Plow
60:44 Conscription
59:55 Sappers
Connection lost

Rejoining the realm…

Still unreachable

The connection could not be restored.

Session expired

The server has moved on; the page needs a fresh start.